 Dungeon Crawl Stone Soup version 0.29.1 (webtiles) character file.

Game seed: 5670991748398071192

6 funnyparkerb the Trooper (level 1, 0/11 HPs)
             Began as a Vine Stalker Fighter on Sept 13, 2022.
             Slain by a hobgoblin (1 damage)
             ... on level 1 of the Dungeon.
             The game lasted 00:00:42 (152 turns).

funnyparkerb the Trooper (Vine Stalker Fighter)      Turns: 152, Time: 00:00:42

Health: 0/11       AC:  8    Str: 18    XL:     1   Next: 90%
Magic:  0/2        EV:  6    Int:  8    God:
Gold:   11         SH:  4    Dex: 13    Spells: 0/0 levels left

rFire   . . .      SeeInvis .   a - +0 rapier
rCold   . . .      Faith    .   c - +0 buckler
rNeg    . . .      Spirit   +   g - +0 chain mail
rPois   .          Reflect  .   (no helmet)
rElec   .          Harm     .   (no cloak)
rCorr   .          Rampage  .   (no gloves)
Will    .....                   (no boots)
Stlth   ..........              (no amulet)
HPRegen 0.03/turn               (no ring)
MPRegen 0.08/turn               (no ring)

@: no status effects
A: fangs 2, magic shield, antimagic bite, no potion heal 2
a: no special abilities


You were on level 1 of the Dungeon.
You visited 1 branch of the dungeon, and saw 1 of its levels.

You collected 11 gold pieces.

Inventory:

Hand Weapons
 a - a +0 rapier (weapon)
Armour
 c - a +0 buckler (worn)
 g - a +0 chain mail (worn)
Scrolls
 e - a scroll of identify {unknown}
Potions
 d - a potion of might
 f - a potion of ambrosia {unknown}


   Skills:
 + Level 2.8 Fighting
 - Level 1.7 Short Blades
 + Level 2.5 Armour
 + Level 0.4 Dodging
 - Level 2.6 Shields


You couldn't memorise any spells.
You didn't know any spells.
Your spell library was empty.

Dungeon Overview and Level Annotations

Branches:
Dungeon (1/15)

Altars:


Innate Abilities, Weirdness & Mutations

You have extremely sharp teeth.
When hurt, damage is shared between your health and your magic reserves.
Your bite disrupts and absorbs the magic of your enemies.
Potions cannot restore your health.


Message History

The jackal is almost dead.
The jackal barely misses you. You block the jackal's attack.
The jackal bites you.
You barely miss the jackal. You bite the jackal, but do no damage.
The jackal is almost dead.
The jackal barely misses you. The jackal bites you.
The jackal closely misses you.
You hit the jackal.
You kill the jackal!
The jackal bites you but does no damage.
The hobgoblin hits you.
The jackal bites you but does no damage.
You are too injured to fight recklessly!
You are too injured to fight recklessly!
You are too injured to fight recklessly!
You barely miss the jackal. Your bite misses the jackal.
The hobgoblin hits you but does no damage.
The jackal closely misses you.
You hit the jackal. Your bite misses the jackal.
The jackal is severely wounded.
You block the jackal's attack. The hobgoblin completely misses you.
The jackal bites you.
* * * LOW HITPOINT WARNING * * *
You miss the jackal.
The jackal is severely wounded.
The hobgoblin hits you but does no damage.
The jackal bites you but does no damage.
The hobgoblin hits you but does no damage.
You hit the jackal.
You kill the jackal!
The hobgoblin hits you.
* * * LOW HITPOINT WARNING * * *
The hobgoblin hits you but does no damage.
You see here a scroll labelled XAWUDIA ROYKI.
You hit the hobgoblin but do no damage.
The hobgoblin hits you but does no damage.
You hit the hobgoblin. Your bite misses the hobgoblin.
The hobgoblin is moderately wounded.
The hobgoblin hits you.
You die...

....## ≈. .#..... ≈..
....... §..#####......#
.....
.....................#
##.......#...###.....#
............... .....###
.......@>...... ........
##..#...g.#..####....#
### #.....#..........###
.... #.†.................
##...#..#.........†.#.###
........#.##.#####..#.# #
###..##.#.##.## #..#.###
#.. #.......# #..#.##.
#.#####.##..####..#.##.


You could see a hobgoblin.

Vanquished Creatures
  2 jackals (D:1)
  A ball python (D:1)
  2 frilled lizards (D:1)
  2 rats (D:1)
7 creatures vanquished.

Notes
Turn   | Place    | Note
-------+----------+-------------------------------------------
     0 | D:1      | funnyparkerb the Vine Stalker Fighter began the quest for
                  | the Orb.
     0 | D:1      | Reached XP level 1. HP: 11/11 MP: 2/2
   152 | D:1      | Slain by a hobgoblin

Illustrated notes

Levels and vault maps discovered:
D:1:      erik_arrival_blinker_ship, layout_basic,
          shapermc_ecumenical_altar_starsandcircs, nrook_campfire

Action                   || total
-------------------------++-------
Melee: Rapier            ||    30
       Bite              ||     3
Armor: Chain mail        ||    10
       Scale mail        ||     5
Dodge: Dodged            ||    16
Block: Buckler           ||     6
